 Dungeon Crawl Stone Soup version 0.31.0-9-g3a7656b989 (webtiles) character file.

Game seed: 6693274102874008587

279 qw the Skirmisher (level 6, 0/35 HPs)
             Began as a Deep Elf Hunter on Feb 2, 2024.
             Was a Follower of Okawaru.
             Slain by a gnoll
             ... wielding a +0 spear
             ... led by a gnoll bouda
              (5 damage)
             ... on level 4 of the Dungeon.
             The game lasted 00:00:11 (2237 turns).

qw the Skirmisher (Deep Elf Hunter)                 Turns: 2237, Time: 00:00:12

Health: 0/35       AC: 11    Str: 10    XL:     6   Next: 5%
Magic:  6/8        EV: 14    Int: 14    God:    Okawaru [*.....]
Gold:   164        SH:  0    Dex: 18    Spells: 5/5 levels left

rFire   + . .        a - +1 shortbow
rCold   . . .        (shield currently unavailable)
rNeg    . . .        l - +0 ring mail
rPois   .            j - +1 helmet
rElec   .            (no cloak)
rCorr   .            n - +0 pair of gloves
SInv    +            b - +0 pair of boots
Will    .....        h - amulet of faith
Stlth   +++          d - ring of see invisible
HPRegen 0.25/turn    i - ring of protection from fire
MPRegen 0.11/turn

%: faith
@: heroic
A: no striking features
a: Renounce Religion, Heroism


You were on level 4 of the Dungeon.
You worshipped Okawaru.
Okawaru was aware of your devotion.
You visited 1 branch of the dungeon, and saw 4 of its levels.

You collected 164 gold pieces.


   Skills:
 - Level 2.0(7.0) Fighting
 + Level 9.2(14.2) Ranged Weapons
 - Level 1.0(6.0) Armour
 - Level 2.4(7.4) Dodging
 - Level 1.2(6.2) Stealth
 + Level 0.0 Invocations


You had 5 spell levels left.
You didn't know any spells.
Your spell library was empty.

Inventory:

Hand Weapons
 a - a +1 shortbow (weapon)
Armour
 b - a +0 pair of boots (worn)
 j - a +1 helmet (worn)
 l - a +0 ring mail (worn)
 n - a +0 pair of gloves (worn)
Jewellery
 d - a ring of see invisible (left hand)
 e - a +6 ring of intelligence
 h - an amulet of faith (around neck)
 i - a ring of protection from fire (right hand)
 m - a ring of fire
Potions
 f - a potion of heal wounds
 g - a potion of mutation

Dungeon Overview and Level Annotations

Branches:
Dungeon (4/15)
 Temple: D:4-7

Altars:
Okawaru
Ru
Trog
Uskayaw
Vehumet

Annotations:
D:2 1 runed translucent door, Crazy Yiuf


Message History

Enter note:
Enter note:
2230 ||| RETREEEEATING.
The gnoll attacks as it pursues you! The gnoll barely misses you.
Enter note:
Enter note:
Enter note:
2231 ||| RETREEEEATING.
The water moccasin barely misses you.
There is an open door here.
You see here an iguana corpse.
Enter note:
Enter note:
Enter note:
2232 ||| INVOKING Heroism.
You fail to use your ability.
The water moccasin bites you but does no damage.
The gnoll closely misses you.
2233 ||| INVOKING Heroism.
You gain the combat prowess of a mighty hero.
The water moccasin bites you. The gnoll barely misses you.
The gnoll closely misses you.
You shoot an arrow. The arrow closely misses the gnoll.
The water moccasin bites you but does no damage.
The gnoll hits you with a +0 flail.
The water moccasin completely misses you.
You shoot an arrow. The arrow hits the gnoll.
The gnoll is heavily wounded.
The gnoll is no longer moving quickly. x2; The gnoll closely misses you.
The water moccasin bites you but does no damage.
You shoot an arrow. The arrow hits the water moccasin!
The water moccasin is moderately wounded.
The gnoll hits you from afar with a +0 spear!
The water moccasin closely misses you.
You shoot an arrow.
The arrow closely misses the water moccasin.
The arrow hits the gnoll.
The gnoll is almost dead.
The water moccasin bites you.
The gnoll hits you from afar with a +0 spear.
You die...

###.......# S....#
##......# .....#
#......#########)....#
#.......#............#
#....<..#............#
##.....##............#
##.....##.....##.....#
#......##g....#
.......
#......@Sg....#
.......
#......#gg....+
.......
#......#......#
..)....
#......########
#......# #..#...#
#####+##


You could see a water moccasin, a gnoll bouda and 3 gnolls.

Vanquished Creatures
  A scorpion (D:4)
  A howler monkey (D:4)
  A hound (D:4)
  An iguana (D:4)
  2 orc wizards (D:4)
  3 adders (D:4)
  2 dart slugs
  2 ribbon worms (D:3)
  An orc (D:3)
  3 bats (D:2)
  4 endoplasms
  4 goblins
  A hobgoblin (D:3)
  10 jackals (D:2)
  3 quokkas
  2 ball pythons
  4 frilled lizards
  7 kobolds
  3 rats
55 creatures vanquished.

Notes
Turn   | Place    | Note
-------+----------+-------------------------------------------
     0 | D:1      | qw the Deep Elf Hunter began the quest for the Orb.
     0 | D:1      | Reached XP level 1. HP: 12/12 MP: 3/3
     0 | D:1      | 0 ||| qw: Version: 0.3-a-155-g5e7d8dd
     0 | D:1      | 0 ||| qw: Game counter: 2309
     0 | D:1      | 0 ||| qw: Melee chars always use a shield: true
     0 | D:1      | 0 ||| qw: God list: Okawaru
     0 | D:1      | 0 ||| qw: Allow faded altars: false
     0 | D:1      | 0 ||| qw: Do Orc after clearing Dungeon:15 true
     0 | D:1      | 0 ||| qw: Do second Lair branch before Depths: true
     0 | D:1      | 0 ||| qw: Lair rune preference: random
     0 | D:1      | 0 ||| qw: Goals: Normal
     0 | D:1      | 0 ||| PLANNING D:1-11
   106 | D:1      | Found a faded altar of an unknown god.
   438 | D:1      | Reached XP level 2. HP: 16/16 MP: 4/4
   444 | D:1      | Reached skill level 6 in Ranged Weapons
   594 | D:1      | 594 ||| UPGRADING to +1 helmet.
   599 | D:1      | 599 ||| UPGRADING to amulet of faith.
   604 | D:1      | 604 ||| UPGRADING to ring of see invisible.
   605 | D:1      | 605 ||| READING 3 scrolls labelled JOSIUTT HUSATEMY.
   605 | D:1      | 605 ||| IDENTIFYING lumpy yellow potion
   606 | D:1      | 606 ||| READING 2 scrolls of identify.
   606 | D:1      | 606 ||| IDENTIFYING emerald potion
   607 | D:1      | 607 ||| READING scroll of identify.
   607 | D:1      | 607 ||| IDENTIFYING 2 clear potions
   608 | D:1      | 608 ||| READING scroll labelled BOOCVOKI JOUTT.
   609 | D:1      | 609 ||| DROPPING scroll of butterflies.
   610 | D:1      | 610 ||| DROPPING potion of brilliance.
   761 | D:2      | Found a runed translucent door.
   762 | D:2      | Noticed Crazy Yiuf
  1077 | D:2      | Reached XP level 3. HP: 20/20 MP: 5/5
  1361 | D:2      | 1361 ||| UPGRADING to +0 pair of boots.
  1366 | D:2      | 1366 ||| UPGRADING to +0 scale mail.
  1376 | D:2      | 1376 ||| DROPPING +0 leather armour.
  1377 | D:2      | 1377 ||| READING 2 scrolls of identify.
  1377 | D:2      | 1377 ||| IDENTIFYING smoky amethyst potion
  1378 | D:2      | 1378 ||| READING scroll of identify.
  1378 | D:2      | 1378 ||| IDENTIFYING silvery potion
  1379 | D:2      | 1379 ||| READING scroll labelled HICZIGG DONUNN.
  1379 | D:2      | 1379 ||| ENCHANTING +0 shortbow.
  1380 | D:2      | 1380 ||| READING scroll labelled ZIM AFIOKHLIS.
  1381 | D:2      | 1381 ||| DROPPING potion of attraction.
  1382 | D:2      | 1382 ||| DROPPING potion of berserk rage.
  1595 | D:3      | Found a sacrificial altar of Ru.
  1608 | D:3      | Reached skill level 7 in Ranged Weapons
  1784 | D:3      | Found a hide-covered altar of Uskayaw.
  1784 | D:3      | Found a bloodstained altar of Trog.
  1785 | D:3      | Found an iron altar of Okawaru.
  1786 | D:3      | 1786 ||| PLANNING OKAWARU WORSHIP
  1786 | D:3      | 1786 ||| UPGRADING to +0 ring mail.
  1796 | D:3      | 1796 ||| DROPPING +0 scale mail.
  1797 | D:3      | 1797 ||| UPGRADING to +0 pair of gloves.
  1802 | D:3      | 1802 ||| UPGRADING to ring of protection from fire.
  1803 | D:3      | 1803 ||| READING 2 scrolls of identify.
  1803 | D:3      | 1803 ||| IDENTIFYING viscous pink potion
  1804 | D:3      | 1804 ||| READING scroll of identify.
  1804 | D:3      | 1804 ||| IDENTIFYING scroll labelled YTZEGU QUBOGG
  1805 | D:3      | 1805 ||| DROPPING potion of degeneration.
  1812 | D:3      | Became a worshipper of Warmaster Okawaru
  1813 | D:3      | 1813 ||| PLANNING D:1-11
  1919 | D:4      | Reached XP level 4. HP: 22/25 MP: 6/6
  1933 | D:4      | Noticed a scorpion
  1936 | D:4      | Killed a scorpion
  1937 | D:4      | Reached skill level 8 in Ranged Weapons
  1937 | D:4      | Reached XP level 5. HP: 29/29 MP: 7/7
  1991 | D:4      | Reached skill level 1 in Armour
  2063 | D:4      | HP: 6/29 [orc/+0 club (2)]
  2064 | D:4      | 2064 ||| READING scroll of teleportation.
  2065 | D:4      | 2065 ||| DRINKING 2 potions of heal wounds.
  2068 | D:4      | Reached skill level 9 in Ranged Weapons
  2135 | D:4      | Found a radiant altar of Vehumet.
  2183 | D:4      | Reached * piety under Okawaru
  2184 | D:4      | Reached XP level 6. HP: 30/35 MP: 8/8
  2221 | D:4      | Noticed a water moccasin
  2222 | D:4      | 2222 ||| RETREEEEATING.
  2225 | D:4      | 2225 ||| RETREEEEATING.
  2226 | D:4      | 2226 ||| RETREEEEATING.
  2227 | D:4      | 2227 ||| RETREEEEATING.
  2228 | D:4      | 2228 ||| RETREEEEATING.
  2229 | D:4      | 2229 ||| RETREEEEATING.
  2230 | D:4      | 2230 ||| RETREEEEATING.
  2231 | D:4      | 2231 ||| RETREEEEATING.
  2232 | D:4      | 2232 ||| INVOKING Heroism.
  2233 | D:4      | 2233 ||| INVOKING Heroism.
  2237 | D:4      | HP: 5/35 [water moccasin (6)]
  2237 | D:4      | Slain by a gnoll

Levels and vault maps discovered:
D:1:      saegor_arrival_simple_b, layout_loops_cross,
          chequers_ecumenical_altar_simple, minmay_tiny_reverse_x
D:2:      layout_loops_cross, uniq_crazy_yiuf_cottage
D:3:      layout_rooms, nicolae_ru_sacrificial_ziggurat,
          gammafunk_temple_overflow_claw
D:4:      layout_gridville, nicolae_overflow_crystal_walls,
          minmay_misc_feat_alley

Skill      XL: |  1  2  3  4  5 |
---------------+----------------+-----
Ranged Weapons | 6 7 8 9 |  9.2
Armour         | 1 |  1.0
Fighting       | 2 |  2.0
Dodging        | |  2.4
Stealth        | |  1.2

Action                     |  1- 3 |  4- 6 || total
---------------------------+-------+-------++-------
   Fire: Shortbow          |   112 |    63 ||   175
 Invoke: Heroism           |       |     1 ||     1
    Use: Scroll            |    10 |     1 ||    11
         Potion            |       |     1 ||     1
 Armour: Leather armour    |     9 |       ||     9
         Scale mail        |     4 |       ||     4
         Ring mail         |     2 |    59 ||    61
  Dodge: Dodged            |    16 |    35 ||    51

Table legend:
 A = Non-vault XP
 B = Vault XP
 C = Vault XP percentage of total XP
 D = Non-vault monster count
 E = Vault monster count
 F = Vault count percentage of total count
                 A         B        C        D         E       F
            +---------+---------+-------+---------+---------+-------
      Total |     396 |       3 |   0.8 |      53 |       2 |   3.6
            +---------+---------+-------+---------+---------+-------
        D:1 |      13 |       3 |  18.8 |       9 |       2 |  18.2
        D:2 |      33 |       0 |   0.0 |      18 |       0 |   0.0
        D:3 |      24 |       0 |   0.0 |      11 |       0 |   0.0
        D:4 |     326 |       0 |   0.0 |      15 |       0 |   0.0
            +---------+---------+-------+---------+---------+-------
